 Seeded DCSS version 0.28.0-49-g6dfe1f597d (webtiles) character file.

Game seed: 20220513 (custom seed)

26 jessy the Slasher (level 3, 0/28 HPs)
             Began as a Human Gladiator on May 13, 2022.
             Was a Believer of Nemelex Xobeh.
             Slain by a gnoll
             ... wielding a +0 spear
              (2 damage)
             ... on level 2 of the Dungeon.
             The game lasted 00:04:05 (1125 turns).

jessy the Slasher (Human Gladiator)                 Turns: 1125, Time: 00:04:05

Health: 0/28       AC:  6    Str: 16    XL:     3   Next: 22%
Magic:  0/3        EV: 11    Int:  8    God:    Nemelex Xobeh [**....]
Gold:   33         SH:  0    Dex: 14    Spells: 2/2 levels left

rFire   . . .      SeeInvis .   a - +0 long sword
rCold   . . .      Faith    .   (no shield)
rNeg    . . .      Spirit   +   f - +0 ring mail
rPois   .          Reflect  .   c - +0 helmet
rElec   .          Harm     .   (no cloak)
rCorr   .          Rampage  .   (no gloves)
Will    .....                   (no boots)
Stlth   +.........              n - amulet of guardian spirit
HPRegen 0.09/turn               (no ring)
MPRegen 0.08/turn               (no ring)

@: no status effects
A: no striking features
a: Renounce Religion, Draw Escape, Draw Destruction, Draw Summoning


You were on level 2 of the Dungeon.
You worshipped Nemelex Xobeh.
Nemelex Xobeh was pleased with you.
You visited 1 branch of the dungeon, and saw 2 of its levels.

You collected 33 gold pieces.

Inventory:

Hand Weapons
 a - a +0 long sword (weapon)
 g - a +0 short sword of electrocution
 i - a +0 spear
 l - a +0 club
 m - a +2 dagger of venom
Missiles
 d - 3 throwing nets (quivered)
 k - 19 bolts
 p - 2 javelins
Armour
 b - a +0 leather armour
 c - a +0 helmet (worn)
 f - a +0 ring mail (worn)
Jewellery
 n - an amulet of guardian spirit (around neck)
 o - an amulet of faith
Scrolls
 e - a scroll of magic mapping {unknown}
 h - a scroll of teleportation {unknown}
 j - 2 scrolls of enchant weapon {unknown}


   Skills:
 + Level 2.3 Fighting
 + Level 3.6 Long Blades
 + Level 2.0 Throwing
 + Level 3.2 Dodging


You had 2 spell levels left.
You didn't know any spells.
Your spell library was empty.

Dungeon Overview and Level Annotations

Branches:
Dungeon (2/15)

Altars:
Nemelex Xobeh


Message History

You hit the frilled lizard.
You kill the frilled lizard!
The gnoll closely misses you.
A ball python comes into view.
The gnoll completely misses you.
You closely miss the gnoll. The gnoll hits you but does no damage.
You hit the gnoll.
The gnoll is moderately wounded.
The gnoll throws a throwing net.
The throwing net hits you.
You become entangled in the net!
You struggle against the net.
The gnoll hits you with a +0 spear. The gnoll hits you but does no damage.
You tear a large gash into the net.
The gnoll closely misses you. The gnoll hits you with a +0 whip.
The gnoll barely misses you.
You rip the net and break free!
The gnoll hits you but does no damage. The gnoll barely misses you.
The gnoll hits you but does no damage.
You hit the gnoll.
The gnoll is moderately wounded.
The gnoll closely misses you. The gnoll hits you with a +0 whip. x2
The gnoll hits you but does no damage.
You hit the gnoll but do no damage.
The gnoll is moderately wounded.
The gnoll hits you but does no damage. The gnoll hits you with a +0 whip.
The gnoll misses you. The gnoll hits you but does no damage.
You closely miss the gnoll.
The gnoll is moderately wounded.
The gnoll hits you with a +0 whip.
* * * LOW HITPOINT WARNING * * *
The gnoll closely misses you. x2; The gnoll hits you but does no damage.
You hit the gnoll but do no damage.
The gnoll is moderately wounded.
The gnoll hits you but does no damage. The gnoll hits you with a +0 whip.
* * * LOW HITPOINT WARNING * * *
The gnoll hits you with a +0 whip.
* * * LOW HITPOINT WARNING * * *
You hit the gnoll.
The gnoll is severely wounded.
The gnoll hits you with a +0 spear.
You die...
Your body disappears without a glow.

### ####### ## ....
. #.....# #. ... .
..#.....# . ..# ..
......... .##..#...
.......S# #.......
......gg####.#..##..
#..gg@............
#.####..##.#..##.#
#.###.##.#†.##.# .#
#..............# #
#####.##.#..#.......
#.<.....#.##..##
######........#
####.... ####


You could see 4 gnolls and a ball python.

Vanquished Creatures
  A dart slug (D:1)
  4 ball pythons (D:1)
  An endoplasm (D:1)
  2 goblins (D:1)
  3 hobgoblins (D:1)
  A quokka (D:1)
  4 bats
  5 frilled lizards
  A kobold (D:1)
  A rat (D:1)
23 creatures vanquished.

Vanquished Creatures (others)
  A withered plant (D:1)
1 creature vanquished.

Grand Total: 24 creatures vanquished

Notes
Turn   | Place    | Note
-------+----------+-------------------------------------------
     0 | D:1      | jessy the Human Gladiator began the quest for the Orb.
     0 | D:1      | Reached XP level 1. HP: 16/16 MP: 1/1
   216 | D:1      | Found a faded altar of an unknown god.
   238 | D:1      | Prayed at the altar of an unknown god.
   238 | D:1      | Became a worshipper of Nemelex Xobeh the Trickster
   238 | D:1      | Reached * piety under Nemelex Xobeh
   238 | D:1      | Received a gift from Nemelex Xobeh
   308 | D:1      | Reached XP level 2. HP: 21/22 MP: 2/2
   604 | D:1      | Reached XP level 3. HP: 27/27 MP: 3/3
   630 | D:1      | Reached ** piety under Nemelex Xobeh
  1124 | D:2      | HP: 1/28 [gnoll/+0 whip (5)]
  1125 | D:2      | Slain by a gnoll

Illustrated notes

Levels and vault maps discovered:
D:1:      amcnicky_arrival_choice, layout_loops_ring,
          ebering_ecumenical_altar_petrified
D:2:      layout_loops_cross, basic_altar, uniq_sigmund

Action                   || total
-------------------------++-------
Melee: Long sword        ||    64
Armor: Leather armour    ||    11
       Ring mail         ||    29
Dodge: Dodged            ||    55
